 Dungeon Crawl Stone Soup version 0.24.0-13-gcf9b319 (webtiles) character file.

Game seed: 4291707365202914693, levelgen mode: deterministic

18055 tevo3000 the Protected (level 12, -49/102 HPs)
             Began as a Gargoyle Fighter on Dec 25, 2019.
             Was the Champion of Qazlal.
             Annihilated by a titanic slime creature (75 damage)
             ... on level 12 of the Dungeon.
             The game lasted 00:38:58 (10369 turns).

tevo3000 the Protected (Gargoyle Fighter)          Turns: 10369, Time: 00:38:59

Health: -49/102    AC: 33    Str: 43    XL:     12   Next: 54%
Magic:  17/17      EV:  8    Int: 11    God:    Qazlal [******]
Gold:   269        SH: 22    Dex:  9    Spells: 11/11 levels left

rFire    . . .     SeeInvis .   B - +5 flail
rCold    + . .     Gourm    .   c - +0 shield
rNeg     + + +     Faith    .   e - +6 chain mail "Qechane" {rC+ Str+6}
rPois    ∞         Spirit   .   x - -2 helmet of Devotion {*Slow rPois rN++ Str+4}
rElec    +         Reflect  .   k - +1 cloak
rCorr    +         Harm     .   (no gloves)
MR       .....                  F - +0 pair of boots
Stlth    ..........             A - amulet of magic regeneration
HPRegen  0.27/turn              r - ring of resist corrosion
MPRegen  0.40/turn              E - +3 ring of strength

@: berserking, protected from physical damage, repel missiles, very quick
A: clever 1, frail 1, negative energy resistance 1, electricity resistance,
unbreathing, evolution 1, petrification resistance, rot immunity, AC +8
a: Upheaval, Elemental Force, Disaster Area, Renounce Religion


You were on level 12 of the Dungeon.
You worshipped Qazlal.
Qazlal was exalted by your worship.
You were full.

You visited 2 branches of the dungeon, and saw 13 of its levels.
You also visited: Ossuary and Bailey.

You collected 719 gold pieces.
You spent 450 gold pieces at shops.

Inventory:

Hand Weapons
 a - a +1 flail
 w - the +5 long sword "Taegenamo" {slice, rC- Int+5 Dex+6}
   (You took it off an orc priest on level 6 of the Dungeon)

   It inflicts extra damage upon your enemies.
   It affects your intelligence (+5).
   It affects your dexterity (+6).
   It makes you vulnerable to cold.
 B - a +5 flail (weapon)
Armour
 c - a +0 shield (worn)
 e - the +6 chain mail "Qechane" (worn) {rC+ Str+6}
   (You bought it in a shop on level 5 of the Dungeon)

   It affects your strength (+6).
   It protects you from cold.
 k - a +1 cloak (worn)
 x - the -2 helmet of Devotion (worn) {*Slow rPois rN++ Str+4}
   (You bought it in a shop on level 8 of the Dungeon)

   It affects your strength (+4).
   It protects you from poison.
   It greatly protects you from negative energy.
   It may slow you when you take damage.
 F - a +0 pair of boots (worn)
 L - a scarf of resistance
Magical Staves
 m - an uncursed staff of earth
Jewellery
 r - a ring of resist corrosion (left hand)
 A - an amulet of magic regeneration (around neck)
 E - a +3 ring of strength (right hand)
 I - an uncursed ring of poison resistance
 K - an uncursed ring of flight
Wands
 s - a wand of paralysis (17)
 t - a wand of polymorph (7)
 v - a wand of random effects (14)
 y - a wand of acid (3)
 C - a wand of flame (31)
 H - a wand of clouds (5)
 J - a wand of digging (4)
Scrolls
 i - 15 scrolls of identify
 j - 4 scrolls of blinking
 l - 11 scrolls of remove curse
 n - 2 scrolls of vulnerability
 o - 4 scrolls of fog
 p - 5 scrolls of magic mapping
 u - 5 scrolls of teleportation
 D - a scroll of acquirement {unknown}
 G - 2 scrolls of enchant armour
Potions
 b - 2 potions of lignification
 d - a potion of flight
 h - 3 potions of curing
 q - 4 potions of haste
 z - 2 potions of brilliance
 M - 4 potions of magic
Comestibles
 f - 14 rations


   Skills:
 + Level 9.0 Fighting
 - Level 11.2 Maces & Flails
 + Level 12.1 Armour
 - Level 9.7 Shields
 * Level 7.4 Invocations


You had 11 spell levels left.
You didn't know any spells.
Your spell library contained the following spells:

 Spells                   Type           Power        Failure   Level  Hunger
 Confusing Touch          Hex            #.....       87%         1    ##.....
 Magic Dart               Conj           #...         87%         1    ##.....
 Call Imp                 Summ           #.......     95%         2    ###....
 Searing Ray              Conj           #.....       95%         2    ###....
 Throw Flame              Conj/Fire      #.....       95%         2    ###....
 Confuse                  Hex            #.......     99%         3    ####...
 Dazzling Spray           Conj/Hex       #.....       99%         3    ####...
 Gell's Gravitas          Tloc           #.........   99%         3    ####...
 Ignite Poison            Fire/Tmut/Pois #.......     99%         3    ####...
 Recall                   Summ/Tloc      N/A          99%         3    ####...
 Force Lance              Conj/Tloc      #.......     100%        4    #####..
 Fulminant Prism          Conj/Hex       #.........   100%        4    #####..
 Iskenderun's Mystic Bla  Conj           #.......     100%        4    #####..
 Petrify                  Tmut/Erth      #.......     100%        4    #####..
 Sticky Flame             Conj/Fire      #.......     100%        4    #####..
 Metabolic Englaciation   Hex/Ice        #.........   100%        5    ######.
 Yara's Violent Unravell  Hex/Tmut       #.........   100%        5    ######.
 Shadow Creatures         Summ           N/A          100%        6    #######


Dungeon Overview and Level Annotations

Branches:
Dungeon (12/15)            Temple (0/1) D:4            Lair (1/6) D:9
    Orc (0/2) D:12        Ossuary (visited)          Bailey (visited)

Altars:
Gozag
Makhleb
Nemelex Xobeh
Qazlal
Uskayaw
Vehumet
The Shining One

Shops:
D:5 *   D:8 !:?[


Innate Abilities, Weirdness & Mutations

You are resistant to torment.
Your stone body is resilient. (AC +8)
You are immune to poison.
You resist negative energy. (rN+)
You are resistant to electric shocks. (rElec)
You can survive without breathing.
You are immune to petrification.
You are immune to rotting.
Your mind is acute. (Int +2)
You are frail. (-10% HP)
You evolve.


Message History

The titanic slime creature is severely wounded.
You block the titanic slime creature's attack.
You bludgeon the titanic slime creature!!
The titanic slime creature is almost dead.
You hit the titanic slime creature.
The titanic slime creature is almost dead.
The titanic slime creature hits you!!!!
Ouch! That really hurt!
* * * LOW HITPOINT WARNING * * *
You feel protected from physical attacks.
You bludgeon the titanic slime creature!!
The titanic slime creature is almost dead.
You barely miss the titanic slime creature.
The titanic slime creature is almost dead.
You block the titanic slime creature's attack.
You barely miss the titanic slime creature.
The titanic slime creature is almost dead.
The titanic slime creature hits you!!!!
Ouch! That really hurt!
You die...

*,,,,,,,,* *,* *>*****,**
*.# *** *,* #.# *#+** #.#
**...** #.# ## **,...(**
#.## .## **,,.....**
#..####
..####,,,.....§####.....#
.....+,,,.....JJ@.......#
..####,,,.....°####...#.#
.## **,,.....**
##.##.##### .###
**,....** ##.......# ...#
**...** #.#.###.# .#.#
#####+#* ####.#.# *,*
.#.###...#.# #......# *,*
.......#.#.##### #.##.###
*,* ##.###.........#
#.##.#****,*


You could see a titanic slime creature and a slime creature.

Vanquished Creatures
  Snorg (D:10)
  Harold (D:7)
  A death knight (D:12)
  A two-headed ogre (D:10)
  Urug (Lair:1)
  An unseen horror (D:12)
  An orc knight (Bailey)
  A phantasmal warrior (D:12)
  An ugly thing (D:11)
  A spiny frog (Lair:1)
  A komodo dragon (Lair:1)
  3 freezing wraiths (D:12)
  5 trolls
  Grinder (D:5)
  A hippogriff (D:7)
  2 vampires
  A wraith (D:12)
  2 wyverns
  18 yaks
  Eustachio (D:6)
  A steam dragon (D:10)
  A basilisk (Lair:1)
  Grum (D:8)
  Menkaure (D:5)
  2 hungry ghosts
  2 porcupines
  4 orc warriors
  A black bear (D:8)
  A hornet zombie (D:10)
  2 ice beasts
  2 sky beasts (D:7)
  5 ogres
  5 wolves
  4 centaurs
  3 crocodiles
  A big kobold (D:9)
  Blork the orc (D:4)
  8 bullfrogs
  7 scorpions
  8 wights (D:8)
  2 howler monkeys (D:7)
  6 crimson imps
  A quasit (D:6)
  A centaur zombie (D:7)
  4 bullfrog skeletons
  4 jellies
  4 hounds
  4 orc priests
  A gnoll shaman (D:6)
  3 iron imps (D:6)
  8 worker ants
  2 iguanas
  7 orc wizards
  A big kobold zombie (Ossuary)
  8 mummies (Ossuary)
  4 hound skeletons
  3 worker ant zombies
  23 gnolls
  A howler monkey skeleton (D:7)
  20 adders
  4 shadow imps
  An ooze (D:5)
  2 adder zombies
  2 adder skeletons
  4 worms
  8 leopard geckos
  30 orcs
  6 bats
  5 giant cockroaches
  2 gnoll zombies (Ossuary)
  7 goblins
  18 hobgoblins
  3 jackals (D:5)
  3 quokkas
  5 ball pythons
  5 frilled lizards
  A jackal skeleton (D:7)
  15 kobolds
  3 kobold zombies (Ossuary)
  A leopard gecko skeleton (D:6)
  A leopard gecko zombie (D:8)
  2 orc zombies (Ossuary)
  8 rats
348 creatures vanquished.

Notes
Turn   | Place    | Note
-------+----------+-------------------------------------------
     0 | D:1      | tevo3000 the Gargoyle Fighter began the quest for the Orb.
     0 | D:1      | Reached XP level 1. HP: 14/14 MP: 1/1
   200 | D:1      | Reached XP level 2. HP: 19/19 MP: 2/2
   791 | D:2      | Reached XP level 3. HP: 20/23 MP: 3/3
   989 | D:2      | Reached skill level 4 in Armour
   989 | D:2      | Reached XP level 4. HP: 28/28 MP: 4/4
   992 | D:2      | Noticed an air elemental
   994 | D:2      | Found a stormy altar of Qazlal.
   995 | D:2      | Noticed an earth elemental
   995 | D:2      | Noticed a fire elemental
   995 | D:2      | Noticed a water elemental
  1014 | D:2      | Became a worshipper of Qazlal Stormbringer
  1190 | D:2      | Found a faded altar of an unknown god.
  1804 | D:3      | Reached XP level 5. HP: 32/32 MP: 5/5
  2744 | D:3      | Reached * piety under Qazlal
  2749 | D:3      | Reached skill level 5 in Maces & Flails
  2791 | D:3      | Reached XP level 6. HP: 33/37 MP: 6/6
  2966 | D:4      | Found a staircase to the Ecumenical Temple.
  2978 | D:4      | Reached skill level 5 in Armour
  3012 | D:4      | Found a sand-covered staircase.
  3018 | Ossuary  | Entered an ossuary
  3083 | Ossuary  | Reached ** piety under Qazlal
  3092 | Ossuary  | Reached XP level 7. HP: 33/41 MP: 7/7
  3269 | D:4      | Noticed Blork the orc
  3283 | D:4      | Killed Blork the orc
  3759 | D:5      | Entered Level 5 of the Dungeon
  3797 | D:5      | Reached skill level 6 in Armour
  3826 | D:5      | Found Esioluul's Assorted Antiques.
  3839 | D:5      | Bought a jewelled chain mail for 171 gold pieces
  3849 | D:5      | Identified the +6 chain mail "Qechane" {rC+ Str+6} (You
                  | bought it in a shop on level 5 of the Dungeon)
  3852 | D:5      | Noticed Grinder
  3866 | D:5      | Paralysed by Grinder for 7 turns
  3872 | D:5      | Killed Grinder
  3872 | D:5      | Reached XP level 8. HP: 43/46 MP: 8/8
  4142 | D:5      | Noticed Menkaure
  4151 | D:5      | Killed Menkaure
  4162 | D:5      | Found an opulent altar of Gozag.
  4397 | D:5      | Reached skill level 7 in Armour
  4630 | D:6      | Reached *** piety under Qazlal
  4658 | D:6      | Found a burning altar of Makhleb.
  4961 | D:6      | Noticed Eustachio
  4992 | D:6      | Reached XP level 9. HP: 46/51 MP: 9/9
  5005 | D:6      | Identified the +5 long sword "Taegenamo" {slice, rC- Int+5
                  | Dex+6}
  5085 | D:6      | Killed Eustachio
  5085 | D:6      | Reached skill level 8 in Armour
  5241 | D:7      | Reached skill level 10 in Maces & Flails
  5242 | D:7      | Noticed Harold
  5262 | D:7      | Killed Harold
  5262 | D:7      | Reached skill level 9 in Armour
  5364 | D:7      | Found a hide-covered altar of Uskayaw.
  5365 | D:7      | Found a glowing golden altar of the Shining One.
  5365 | D:7      | Found a radiant altar of Vehumet.
  5542 | D:7      | Reached XP level 10. HP: 39/56 MP: 10/10
  5843 | D:7      | Gained mutation: Scrolls take you a little longer to read.
                  | [potion of mutation]
  5843 | D:7      | Gained mutation: You evolve. [potion of mutation]
  5848 | D:8      | Found Foyryen's Antique Armour Emporium.
  5854 | D:8      | Bought an ichor-stained helmet for 209 gold pieces
  5859 | D:8      | Identified the cursed -2 helmet of Devotion {*Slow rPois
                  | rN++ Str+4} (You bought it in a shop on level 8 of the
                  | Dungeon)
  5875 | D:8      | Reached **** piety under Qazlal
  5930 | D:8      | Reached skill level 5 in Shields
  6056 | D:8      | You fall into a shaft and drop 3 floors!
  6062 | D:10     | Entered Level 10 of the Dungeon
  6100 | D:10     | Noticed Snorg
  6174 | D:9      | Reached skill level 5 in Fighting
  6174 | D:9      | Reached skill level 10 in Armour
  6337 | D:8      | Found Sargh's Book Shop.
  6342 | D:8      | Noticed Grum
  6352 | D:8      | Killed Grum
  6395 | D:8      | Found Enweleg's Distillery.
  6403 | D:8      | Bought a potion of berserk rage for 70 gold pieces
  6512 | D:8      | Found Hogeclol's Magic Scroll Boutique.
  6756 | D:9      | Reached XP level 11. HP: 28/64 MP: 11/11
  7264 | D:9      | Found a staircase to the Lair.
  7278 | Lair:1   | Entered Level 1 of the Lair of Beasts
  7284 | Lair:1   | Reached ***** piety under Qazlal
  7355 | Lair:1   | Noticed Urug
  7382 | Lair:1   | Killed Urug
  7671 | Lair:1   | Noticed a seven-headed hydra
  7779 | D:9      | Reached skill level 11 in Armour
  7897 | D:9      | Found a sparkling altar of Nemelex Xobeh.
  8079 | D:10     | Killed Snorg
  8087 | D:10     | Noticed a two-headed ogre
  8097 | D:10     | Killed a two-headed ogre
  8150 | D:10     | Identified the Handbook of the Entourage and Heat
  8327 | D:10     | Lost mutation: Scrolls take you a little longer to read.
                  | [evolution]
  8424 | D:11     | Reached XP level 12. HP: 73/73 MP: 15/15
  8487 | D:11     | Reached skill level 5 in Invocations
  9005 | D:12     | Found a flagged portal.
  9036 | Bailey   | Entered a bailey
  9267 | Bailey   | Reached ****** piety under Qazlal
  9530 | Bailey   | Lost mutation: You evolve. [potion of mutation]
  9530 | Bailey   | Gained mutation: You have an increased reservoir of magic.
                  | (+10% MP) [potion of mutation]
  9530 | Bailey   | Gained mutation: You are resistant to hostile enchantments.
                  | (MR+) [potion of mutation]
  9530 | Bailey   | Gained mutation: You are partially covered in large bone
                  | plates. (SH +4) [potion of mutation]
  9531 | Bailey   | Lost mutation: You are resistant to hostile enchantments.
                  | (MR+) [potion of mutation]
  9531 | Bailey   | Lost mutation: You have an increased reservoir of magic.
                  | (+10% MP) [potion of mutation]
  9531 | Bailey   | Gained mutation: Your mind is acute. (Int +2) [potion of
                  | mutation]
  9531 | Bailey   | Lost mutation: Your mind is acute. (Int +2) [potion of
                  | mutation]
  9531 | Bailey   | Gained mutation: You have sharp toenails. [potion of
                  | mutation]
  9532 | Bailey   | Lost mutation: You are partially covered in large bone
                  | plates. (SH +4) [potion of mutation]
  9532 | Bailey   | Lost mutation: You have sharp toenails. [potion of
                  | mutation]
  9532 | Bailey   | Gained mutation: You are robust. (+10% HP) [potion of
                  | mutation]
  9532 | Bailey   | Gained mutation: You are resistant to hostile enchantments.
                  | (MR+) [potion of mutation]
  9532 | Bailey   | Gained mutation: Your spells are a little harder to cast,
                  | but a little more powerful. [potion of mutation]
  9533 | Bailey   | Lost mutation: You are robust. (+10% HP) [potion of
                  | mutation]
  9533 | Bailey   | Lost mutation: You are resistant to hostile enchantments.
                  | (MR+) [potion of mutation]
  9533 | Bailey   | Lost mutation: Your spells are a little harder to cast, but
                  | a little more powerful. [potion of mutation]
  9533 | Bailey   | Gained mutation: Your movements are slightly less
                  | encumbered by armour. (ER -2) [potion of mutation]
  9533 | Bailey   | Gained mutation: You have a pair of small horns on your
                  | head. [potion of mutation]
  9534 | Bailey   | Lost mutation: You have a pair of small horns on your head.
                  | [potion of mutation]
  9534 | Bailey   | Lost mutation: Your movements are slightly less encumbered
                  | by armour. (ER -2) [potion of mutation]
  9534 | Bailey   | Gained mutation: You evolve. [potion of mutation]
  9534 | Bailey   | Gained mutation: You are frail. (-10% HP) [potion of
                  | mutation]
  9534 | Bailey   | Gained mutation: Your mind is acute. (Int +2) [potion of
                  | mutation]
  9559 | D:12     | Noticed a death knight
  9570 | D:12     | Killed a death knight
  9623 | D:12     | Reached skill level 12 in Armour
 10369 | D:12     | Annihilated by a titanic slime creature

Levels and vault maps discovered:
D:1:      shiori_arrival_elements, layout_loops_ring, kennysheep_another_room,
          chequers_serial_rivers_marsh
D:2:      layout_basic, nicolae_qazlal_style_of_elements,
          chequers_ecumenical_altar_simple, first_ration, interstate_on_off
D:3:      layout_loops_corners, minmay_snake_closets
D:4:      layout_loops_ring, minmay_temple_entry_overgrown,
          nicolae_ossuary_entry_plus, chequers_serial_rivers_micro_e,
          uniq_blork_the_orc
D:5:      layout_basic, lemuel_coloured_pillars_altar, serial_shops, shop,
          uniq_menkaure, uniq_grinder
D:6:      layout_rooms, demons_altar, uniq_eustachio
D:7:      layout_cave_pools, chequers_temple_overflow_statue_of_worship,
          uniq_harold
D:8:      layout_rooms, serial_shops, nicolae_shop_stone,
          nicolae_shop_statue_plus, shop, shop, grunt_ogre_cave,
          nicolae_zen_rock_garden, uniq_grum
D:9:      layout_basic, lemuel_doored_altar, grunt_lair_entry_orc_guard_hut
D:10:     layout_rooms, uniq_snorg
D:11:     layout_cave_pools
D:12:     layout_loops_corners, orc_0_dummy, enter_bailey_6
Lair:1:   layout_cave_pods, st_stairs_8, uniq_urug

Skill      XL: |  1  2  3  4  5  6  7  8  9 10 11 12 |
---------------+-------------------------------------+-----
Maces & Flails | 3 4 5 6 7 9 11 | 11.2
Armour         | 4 5 6 7 9 10 11 12 | 12.1
Shields        | 7 9 |  9.7
Fighting       | 6 8 9 |  9.0
Invocations    | 4 7 |  7.4

Action                   |  1- 3 |  4- 6 |  7- 9 | 10-12 || total
-------------------------+-------+-------+-------+-------++-------
Melee: Flail             |   113 |   279 |   285 |   549 ||  1226
       Long sword        |       |       |    54 |    73 ||   127
Invok: Upheaval          |       |       |       |     1 ||     1
  Use: Scroll            |     3 |     6 |     6 |     5 ||    20
       Potion            |       |     5 |     2 |    24 ||    31
  Eat: Ration            |       |     3 |     2 |     7 ||    12
       Chunk             |       |     1 |       |       ||     1
Armor: Scale mail        |    44 |       |       |       ||    44
       Plate armour      |    40 |   228 |    10 |       ||   278
       Skin              |       |       |     5 |       ||     5
       Chain mail        |       |       |   202 |   344 ||   546
Dodge: Dodged            |    38 |    57 |    68 |   163 ||   326
       Deflected         |       |       |       |    11 ||    11
Block: Shield            |    61 |   187 |   270 |   732 ||  1250
       Rpst.: Long sword |       |       |     2 |     7 ||     9
